 Dungeon Sprint DCSS version 0.23.0-38-g208d714 (webtiles) character file.

Game seed: 9691363443219963613

46 Fang the Skirmisher (level 3, 0/26 HPs)
             Began as a Gargoyle Berserker on Feb 27, 2019.
             Was a Believer of Trog.
             Slain by Crazy Yiuf
             ... wielding a +4 quarterstaff of chaos
              (3 damage)
             ... in the Dungeon (Sprint III: "The Ten Rune Challenge").
             The game lasted 00:00:21 (531 turns).

Fang the Skirmisher (Gargoyle Berserker)             Turns: 531, Time: 00:00:22

Health: 0/26       AC:  5    Str: 21    XL:     3   Next: 66%
Magic:  3/3        EV: 13    Int:  7    God:    Trog [**....]
Gold:   8          SH:  0    Dex:  9    Spells: 2/2 levels left

rFire    . . .     SeeInvis .   a - +0 hand axe
rCold    . . .     Gourm    .   (no shield)
rNeg     + . .     Faith    .   b - +0 animal skin
rPois    ∞         Spirit   .   (no helmet)
rElec    +         Reflect  .   (no cloak)
rCorr    .         Harm     .   (no gloves)
MR       .....     NoTele   +   (no boots)
Stlth    +.........             (no amulet)
HPRegen  0.08/turn              (no ring)
MPRegen  0.08/turn              (no ring)

@: hasted, very quick
A: negative energy resistance 1, electricity resistance, unbreathing,
petrification resistance, rot immunity, AC +3
a: Berserk, Trog's Hand, Renounce Religion


You were in the Dungeon.
You worshipped Trog.
Trog was pleased with you.
You were not hungry.

You visited 1 branch You collected 8 gold pieces.

Inventory:

Hand Weapons
 a - a +0 hand axe (weapon)
Armour
 b - a +0 animal skin (worn)
Wands
 k - a wand of random effects (24)
Scrolls
 i - a scroll of blinking
Potions
 d - a potion of curing
 e - a potion of heal wounds
 f - a potion of haste
 g - 2 potions of magic
 h - a potion of berserk rage
Comestibles
 c - a ration


   Skills:
 + Level 5.0 Fighting
 + Level 4.1 Axes
 + Level 4.3 Armour
 + Level 3.2 Dodging


You had 2 spell levels left.
You didn't know any spells.
Your spell library was empty.

Dungeon Overview and Level Annotations

Branches:
Dungeon (1/1)

Altars:

Annotations:
D Crazy Yiuf


Innate Abilities, Weirdness & Mutations

You are resistant to torment.
Your stone body is resilient. (AC +3)
You are immune to poison.
You resist negative energy. (rN+)
You are resistant to electric shocks. (rElec)
You can survive without breathing.
You are immune to petrification.
You are immune to rotting.


Message History

Crazy Yiuf is almost dead.
Crazy Yiuf hits you with a +4 quarterstaff of chaos.
You are too injured to fight recklessly!
You are too injured to fight recklessly!
You are too injured to fight recklessly!
You are too injured to fight recklessly!
You are too injured to fight recklessly!
You are too injured to fight recklessly!
You are too injured to fight recklessly!
You are too injured to fight recklessly!
You are too injured to fight recklessly!
You are too injured to fight recklessly!
You are too injured to fight recklessly!
You are too injured to fight recklessly!
You hit Crazy Yiuf but do no damage.
Crazy Yiuf is almost dead.
Crazy Yiuf hits you with a +4 quarterstaff of chaos!
* * * LOW HITPOINT WARNING * * *
Crazy Yiuf freezes you.
You die...

▓▓▓▓ ▓▓▓▓▓▓ ▓<.#
+....♣♣ ▓..#
#.....♣♣
▓#'####....♣.♣
▓..÷..#....≈.♣♣♣ .#
▓.....#...≈≈.♣.♣..#
▓.....#.g≈≈≈≈.♣♣..+
▓####'#.@≈≈≈≈≈≈...#
▓[...)#.≈≈≈≈≈≈....#
▓.....#.≈≈≈≈≈.....#
▓.....#.≈≈≈.......#
▓'#####...........#
▓.................#
▓▓▓▓▓▓▓▓▓▓▓▓▓▓▓▓▓▓▓


You could see Crazy Yiuf.

Vanquished Creatures
  Jessica (D)
  A human (D)
  3 rats (D)
5 creatures vanquished.

Vanquished Creatures (others)
  2 draconian scorchers (D)
  6 hellions (D)
  A yaktaur (D)
9 creatures vanquished.

Grand Total: 14 creatures vanquished

Notes
Turn   | Place    | Note
-------+----------+-------------------------------------------
     0 | D        | Fang the Gargoyle Berserker began the quest for the Orb.
     0 | D        | Reached XP level 1. HP: 14/14 MP: 1/1
    14 | D        | Noticed Jessica
    16 | D        | Reached ** piety under Trog
    20 | D        | Killed Jessica
    20 | D        | Reached skill level 4 in Fighting
    20 | D        | Reached XP level 2. HP: 8/20 MP: 2/2
    20 | D        | Reached XP level 3. HP: 9/24 MP: 3/3
    53 | D        | Killed a yaktaur
    82 | D        | Killed a hellion
    86 | D        | Killed a hellion
   125 | D        | Killed a hellion
   145 | D        | Killed a hellion
   152 | D        | Killed a white draconian scorcher
   189 | D        | Killed a white draconian scorcher
   209 | D        | Killed a hellion
   223 | D        | Killed a hellion
   230 | D        | Reached skill level 5 in Fighting
   517 | D        | Noticed Crazy Yiuf
   531 | D        | Slain by Crazy Yiuf

Skill      XL: |  1  2  3 |
---------------+----------+-----
Fighting       | 4 5 |  5.0
Axes           | 3 4 |  4.1
Armour         | 3 4 |  4.3
Dodging        | 2 3 |  3.2

Action                   || total
-------------------------++-------
Melee: Hand axe          ||    35
Invok: Berserk           ||     1
Armor: Animal skin       ||     6
Dodge: Dodged            ||    11
